 Dungeon Crawl Stone Soup version 0.26.1-11-gd32895ea62 (webtiles) character file.

Game seed: 10779616464170148682

2002 H0rd4k the Martial Artist (level 9, -9/55 HPs)
             Began as an Octopode Transmuter on June 15, 2021.
             Mangled by a yak (17 damage)
             ... on level 8 of the Dungeon.
             The game lasted 00:12:01 (9278 turns).

H0rd4k the Martial Artist (Octopode Transmuter)     Turns: 9278, Time: 00:12:01

Health: -9/55      AC:  2    Str: 10    XL:     9   Next: 22%
Magic:  15/16      EV: 22    Int: 18    God:
Gold:   320        SH:  0    Dex: 17    Spells: 8/17 levels left

rFire    . . .     SeeInvis .     - Unarmed
rCold    . . .     Faith    .   (shield currently unavailable)
rNeg     . . .     Spirit   .   (helmet currently unavailable)
rPois    x         Reflect  .   (no amulet)
rElec    .         Harm     .   (no ring)
rCorr    .         Rampage  .   (no ring)
Will     .....                  (no ring)
Stlth    ++........             (no ring)
HPRegen  0.18/turn              (no ring)
MPRegen  0.15/turn              (no ring)
                                (no ring)
                                (no ring)

@: spider-form (expiring)
A: tiny, almost no armour, stealthy swim, (amphibious), 8 rings, (constrict 8)
a: End Transformation


You were on level 8 of the Dungeon.
You were a venomous arachnid creature.
You visited 2 branches of the dungeon, and saw 9 of its levels.
You also visited: Sewer.

You collected 320 gold pieces.

Inventory:

Missiles
 o - 7 poisoned darts (quivered)
Wands
 d - a wand of flame (13)
 s - a wand of digging (3)
Scrolls
 a - 2 scrolls of blinking {unknown}
 b - 2 scrolls of immolation
 c - 4 scrolls of remove curse
 e - a scroll of fog
 f - 2 scrolls of noise
 g - 3 scrolls of identify
 k - a scroll of enchant armour {unknown}
 r - 2 scrolls of random uselessness {unknown}
Potions
 h - 3 potions of curing
 i - 3 potions of flight {unknown}
 l - 4 potions of heal wounds
 m - 2 potions of brilliance {unknown}
 n - 2 potions of might {unknown}
 p - a potion of haste {unknown}
 q - a potion of lignification {unknown}


   Skills:
 + Level 2.7 Fighting
 + Level 4.4 Dodging
 - Level 1.1 Stealth
 + Level 8.3 Unarmed Combat
 * Level 4.6 Spellcasting
 * Level 4.9 Transmutations
 + Level 3.4 Poison Magic


You had 8 spell levels left.
You knew the following spells:

 Your Spells              Type           Power        Failure   Level
a - Beastly Appendage     Tmut           44%          8%          1
b - Spider Form           Tmut/Pois      9%           21%         3
c - Blade Hands           Tmut           11%          67%         5

Your spell library contained the following spells:

 Spells                   Type           Power        Failure   Level
 Wereblood                Tmut           22%          10%         2
 Ice Form                 Ice/Tmut       13%          67%         4


Dungeon Overview and Level Annotations

Branches:
Dungeon (8/15)             Temple (1/1) D:5           Sewer (visited)
   Lair: D:8-11

Altars:
Ashenzari
Cheibriados
Dithmenos
Elyvilon
Fedhas
Hepliaklqana
Kikubaaqudgha
Nemelex Xobeh
Okawaru
Qazlal
Trog
Uskayaw
Vehumet
Wu Jian
Yredelemnul

Shops:
D:4 =

Annotations:
D:3 exclusion: phantom
D:4 exclusion: ice beast


Innate Abilities, Weirdness & Mutations

You cannot wear most types of armour.
You are very stealthy in the water. (Stealth+)
((You are amphibious.))
You can wear up to eight rings at the same time.
((You can use your tentacles to constrict eight enemies at once.))
((Your skin changes colour to match your surroundings (Stealth+).))
((Your rubbery body absorbs attacks. (AC +1, EV +1)))


Message History

You completely miss the yak.
The yak is almost dead.
The yak closely misses you.
You hit the yak.
The yak looks as sick as possible!
The yak is almost dead.
You kill the yak!
You bite the yak!
The yak is poisoned.
The yak is moderately wounded.
The yak gores you!
You hit the yak but do no damage.
The yak is moderately wounded.
The yak completely misses you.
You hit the yak but do no damage.
The yak looks as sick as possible!
The yak is heavily wounded.
The yak gores you!
* * * LOW HITPOINT WARNING * * *
Your transformation is almost over.
The yak bellows!
The yak gores you!
You die...

#....# ....#
....# #..[#
#...# #Y..+
##Y..# #
#.s.##Y#+##
#Y#...?...#
#.####.....#
#.#### ....#
#....# )..#
####.# ..#
#.# .# # #†#
#.# .. #.#
###+#.##..


You could see 3 yaks.

Vanquished Creatures
  3 yaks (D:8)
  A black bear (D:8)
  A phantom (D:5)
  A centaur (D:8)
  3 ogres
  3 big kobolds (Sewer)
  A scorpion (D:8)
  A wyvern skeleton (D:7)
  3 howler monkeys (D:8)
  A bullfrog zombie (D:8)
  A centaur zombie (D:5)
  2 hounds
  2 jellies (D:5)
  An orc priest (D:4)
  A gnoll shaman (D:5)
  2 iguanas
  3 worker ants
  A hound zombie (D:8)
  2 worker ant zombies (D:5)
  5 gnolls (D:5)
  9 adders
  3 shadow imps
  3 oozes
  2 adder skeletons
  A dart slug (D:1)
  7 leopard geckos
  4 orcs
  12 bats
  8 giant cockroaches
  5 goblins
  7 hobgoblins
  3 jackals (D:1)
  2 quokkas
  3 ball pythons
  4 frilled lizards
  A jackal skeleton (D:5)
  13 kobolds
  A leopard gecko skeleton (D:4)
  3 rats
129 creatures vanquished.

Vanquished Creatures (others)
  A fungus (Sewer)
  4 plants (Sewer)
  2 withered plants (D:7)
7 creatures vanquished.

Grand Total: 136 creatures vanquished

Notes
Turn   | Place    | Note
-------+----------+-------------------------------------------
     0 | D:1      | H0rd4k the Octopode Transmuter began the quest for the Orb.
     0 | D:1      | Reached XP level 1. HP: 13/13 MP: 3/3
   406 | D:1      | Reached skill level 1 in Stealth
   406 | D:1      | Reached XP level 2. HP: 15/18 MP: 5/5
   838 | D:1      | Reached XP level 3. HP: 23/23 MP: 6/6
   842 | D:1      | Learned a level 3 spell: Spider Form
  1107 | D:2      | Found a blossoming altar of Fedhas.
  1876 | D:2      | Reached XP level 4. HP: 27/28 MP: 7/7
  2185 | D:3      | Reached skill level 1 in Poison Magic
  2346 | D:3      | Reached skill level 4 in Unarmed Combat
  2554 | D:3      | Found an ornate altar of the Wu Jian Council.
  2602 | D:3      | Found a faded altar of an unknown god.
  2821 | D:3      | Reached XP level 5. HP: 12/33 MP: 8/8
  3227 | D:3      | Found a blossoming altar of Fedhas.
  3543 | D:3      | Found a sparkling altar of Nemelex Xobeh.
  3843 | D:4      | Noticed an ice beast
  3877 | D:4      | Found a basalt altar of Yredelemnul.
  3917 | D:4      | Noticed an ogre
  3948 | D:4      | Killed an ogre
  3949 | D:4      | Reached XP level 6. HP: 34/39 MP: 5/10
  4190 | D:4      | Noticed a phantom
  4210 | D:4      | Found Woubit's Jewellery Emporium.
  4245 | D:4      | Reached skill level 5 in Unarmed Combat
  4334 | D:4      | Identified the +7 dagger of Success {vorpal, rF+}
  5262 | D:4      | Reached XP level 7. HP: 24/45 MP: 8/11
  5840 | D:5      | Entered Level 5 of the Dungeon
  6037 | D:5      | Found a glowing drain.
  6047 | Sewer    | Entered a sewer
  6360 | Sewer    | Reached skill level 6 in Unarmed Combat
  7139 | D:5      | Reached XP level 8. HP: 47/50 MP: 10/13
  7194 | D:5      | Found a hide-covered altar of Uskayaw.
  7359 | D:5      | Found a staircase to the Ecumenical Temple.
  7390 | Temple   | Entered the Ecumenical Temple
  8101 | D:5      | Reached skill level 7 in Unarmed Combat
  8396 | D:6      | You fall into a shaft and drop 2 floors!
  8739 | D:7      | Noticed a hellwing
  9100 | D:8      | Learned a level 5 spell: Blade Hands
  9163 | D:8      | Noticed a yak
  9163 | D:8      | Noticed a yak
  9164 | D:8      | Noticed a yak
  9164 | D:8      | Noticed a yak
  9164 | D:8      | Noticed a yak
  9165 | D:8      | Noticed a yak
  9171 | D:8      | Killed a yak
  9172 | D:8      | Reached skill level 8 in Unarmed Combat
  9172 | D:8      | Reached XP level 9. HP: 31/55 MP: 13/15
  9278 | D:8      | Mangled by a yak

Illustrated notes

Levels and vault maps discovered:
D:1:      minmay_arrival_cross, layout_basic, minmay_misc_feat_alley
D:2:      layout_loops_ring, fedhas_altar_1
D:3:      layout_basic, overflow_temple_1_default, overflow_temple_1_default,
          old_standard_altar, chequers_ecumenical_altar_island
D:4:      layout_layer_cave, kennysheep_mini, serial_shops, shop
D:5:      layout_loops_corners, nicolae_overflow_hidden_temple,
          minmay_temple_entry_waves, cheibrodos_sewer_entry_drain
D:6:      layout_gridville, grunt_temple_overflow_champion_of_chaos,
          gammafunk_temple_overflow_pools, nicolae_tso_besieged_by_evil,
          uniq_sigmund
D:7:      cheibrodos_grave_circle, layout_cave_pools, uniq_harold
D:8:      minmay_evil_eye, layout_basic, grunt_temple_overflow_gold_and_silver,
          hangedman_pestilent_swarm, uniq_pikel
Temple:   jpeg_temple_alley_garden

Skill      XL: |  1  2  3  4  5  6  7  8 |
---------------+-------------------------+-----
Stealth        | 1 |  1.1
Poison Magic   | 1 2 3 |  3.4
Unarmed Combat | 4 5 6 8 |  8.3
Transmutations | 3 4 |  4.9
Dodging        | 3 4 |  4.4
Spellcasting   | 3 4 |  4.6
Fighting       | 2 |  2.7

Action                   |  1- 3 |  4- 6 |  7- 9 || total
-------------------------+-------+-------+-------++-------
Melee: Unarmed           |    77 |   126 |   214 ||   417
       Constrict         |    23 |    16 |    11 ||    50
       Tentacles         |    10 |    18 |    16 ||    44
       Punch             |       |     1 |     5 ||     6
Throw: Dart              |       |       |     2 ||     2
 Cast: Spider Form       |       |     6 |    16 ||    22
  Use: Potion            |       |     2 |     3 ||     5
       Scroll            |       |       |     6 ||     6
 Stab: Sleeping          |    11 |    10 |     1 ||    22
       Distracted        |       |       |     1 ||     1
Armor: Skin              |     7 |     4 |     9 ||    20
Dodge: Dodged            |    41 |    61 |   169 ||   271
